 Dungeon Crawl Stone Soup version 0.19.1-1-g22dce08 (webtiles) character file.

39 Macro the Sneak (level 3, -1/21 HPs)
             Began as a Halfling Enchanter on Jan 17, 2017.
             Was a Follower of Cheibriados.
             Blown up by Ijyb (18 damage)
             ... with a wand of disintegration
             ... on level 2 of the Dungeon.
             The game lasted 00:10:16 (932 turns).

Macro the Sneak (Halfling Enchanter)                 Turns: 932, Time: 00:10:16

Health: -1/21      AC:  4    Str: 11    XL:     3   Next: 70%
Magic:  5/5        EV: 15    Int: 16    God:    Cheibriados [*.....]
Gold:   88         SH:  3    Dex: 16    Spells: 2 memorised, 2 levels left

rFire  . . .     SeeInvis .     i - -3 spear (curse)
rCold  . . .     Gourm    .     b - +1 robe
rNeg   + . .     Faith    .     (shield restricted)
rPois  .         Spirit   .     a - +0 helmet
rElec  .         Reflect  +     (no cloak)
rCorr  .         Harm     .     (no gloves)
MR     .....                    (no boots)
Stlth  +++.......               h - +3 amulet of reflection
                                (no ring)
                                j - ring of positive energy

@: very slow
A: mutation resistance 1
a: Bend Time, Renounce Religion


You were on level 2 of the Dungeon.
You worshipped Cheibriados.
Cheibriados was aware of your devotion.
You were not hungry.

You visited 1 branch of the dungeon, and saw 2 of its levels.

You collected 88 gold pieces.

Inventory:

Hand Weapons
 e - a +1 dagger of flaming
 i - a cursed -3 spear (weapon)
Armour
 a - a +0 helmet (worn)
 b - a +1 robe (worn)
Jewellery
 h - a +3 amulet of reflection (around neck)
 j - a ring of positive energy (left hand)
Scrolls
 f - a scroll of random uselessness {unknown}
 k - a scroll of blinking {unknown}
Books
 c - a book of Maledictions

   Spells                             Type                      Level
   a - Corona                         Hexes                        1
   b - Ensorcelled Hibernation        Hexes/Ice                    2
   c - Confuse                        Hexes                        3
   d - Tukima's Dance                 Hexes                        3
   e - Dazzling Spray                 Conjuration/Hexes            3
Comestibles
 d - 2 bread rations
 g - 4 fruits
 l - a meat ration


   Skills:
 + Level 0.1 Fighting
 + Level 1.6 Short Blades
 + Level 0.1 Polearms
 + Level 2.3 Dodging
 + Level 3.9 Stealth
 + Level 1.8 Spellcasting
 + Level 2.7 Hexes
 + Level 0.2 Ice Magic


You had 2 spell levels left.
You knew the following spells:

 Your Spells              Type           Power        Failure   Level  Hunger
a - Corona                Hex            ##.....      10%         1    ##.....
b - Ensorcelled Hibernat  Hex/Ice        #.....       21%         2    ###....


Dungeon Overview and Level Annotations

Branches:
Dungeon (2/15)

Altars:
Cheibriados

Annotations:
D:2 Ijyb


Innate Abilities, Weirdness & Mutations

You are small and have problems with some larger weapons.
You are somewhat resistant to further mutation.


Message History

Ijyb zaps a wand.
You are blasted!
It is a wand of disintegration.
Ijyb barely misses you. Ijyb closely misses you.
You barely miss Ijyb. Ijyb closely misses you.
You closely miss Ijyb. Ijyb barely misses you.
You hit Ijyb but do no damage. Ijyb closely misses you.
You hit Ijyb.
Ijyb is lightly wounded.
Ijyb screams, "I dance on your bones!" Ijyb barely misses you.
You hit Ijyb but do no damage.
Ijyb is lightly wounded.
Ijyb barely misses you.
You hit Ijyb but do no damage.
Ijyb is lightly wounded.
Ijyb misses you. Ijyb closely misses you. Ijyb screams, "Me kill you!"
Ijyb zaps a wand.
You are blasted!
Ouch! That really hurt!
You die...

# ### .. ..# #.
###.### #..##.#...#
##.......#.#####
...>............
#.....g...#######
#.......@.......
#........w.#.....
#..........#.######.
#........#..........
#.....##.###.########
#..... #.# #........#
#..... #.# ########.#
.... #.# #.# #. #.#


You could see Ijyb and a worm.

Vanquished Creatures
  An ooze (D:1)
  2 dart slugs (D:1)
  2 leopard geckos (D:1)
  A giant cockroach (D:1)
  A goblin (D:2)
  4 hobgoblins (D:1)
  7 jackals
  2 bats (D:1)
  2 frilled lizards (D:1)
  3 kobolds
  3 rats (D:1)
28 creatures vanquished.

Notes
Turn   | Place    | Note
-------+----------+-------------------------------------------
     0 | D:1      | Macro the Halfling Enchanter began the quest for the Orb.
     0 | D:1      | Reached XP level 1. HP: 11/11 MP: 3/3
     2 | D:1      | Noticed a draconian
     4 | D:1      | Noticed a halfling
     4 | D:1      | Noticed a ghoul
     6 | D:1      | Noticed a felid
     8 | D:1      | Noticed a troll
    10 | D:1      | Noticed a minotaur
    10 | D:1      | Noticed a formicid
    12 | D:1      | Noticed a demonspawn
    12 | D:1      | Noticed a dwarf
    14 | D:1      | Noticed a centaur
    14 | D:1      | Noticed a vampire
    16 | D:1      | Noticed a gargoyle
    16 | D:1      | Noticed a vine stalker
    18 | D:1      | Noticed a human
    18 | D:1      | Noticed an octopode
    20 | D:1      | Noticed a spriggan
    20 | D:1      | Noticed a naga
    22 | D:1      | Noticed an elf
    22 | D:1      | Noticed a tengu
    24 | D:1      | Noticed a merfolk
    26 | D:1      | Noticed an ogre
    26 | D:1      | Noticed a demigod
   126 | D:1      | Reached XP level 2. HP: 7/17 MP: 2/4
   136 | D:1      | Learned a level 2 spell: Ensorcelled Hibernation
   353 | D:1      | Reached XP level 3. HP: 21/21 MP: 3/5
   734 | D:2      | Found a faded altar of an unknown god.
   764 | D:2      | Became a worshipper of Cheibriados the Contemplative
   764 | D:2      | Reached * piety under Cheibriados
   918 | D:2      | Noticed Ijyb
   932 | D:2      | Blown up by Ijyb

Action                   || total
-------------------------++-------
Melee: Dagger            ||    83
       Spear             ||    35
 Cast: Corona            ||     4
       Ensorcelled Hiber ||     9
  Use: Scroll            ||     1
 Stab: Sleeping          ||     5
  Eat: Chunk             ||     1
Armor: Robe              ||    23
Dodge: Dodged            ||    85
Block: Other             ||     5
